 Dungeon Sprint DCSS version 0.30-a0-800-g7c544603b3 (webtiles) character file.

Game seed: 14910858125973418552

15 BigDaddyOpFi the Trooper (level 2, 0/42 HPs)
             Began as a Hill Orc Fighter on Feb 21, 2023.
             Was an Initiate of Elyvilon.
             Succumbed to an orc wizard's poison
             ... in the Dungeon (Sprint VII: "The Pits").
             The game lasted 00:00:31 (137 turns).

BigDaddyOpFi the Trooper (Hill Orc Fighter)          Turns: 137, Time: 00:00:31

Health: 0/42       AC:  7    Str: 18    XL:     2   Next: 50%
Magic:  4/4        EV:  9    Int:  8    God:    Elyvilon [......]
Gold:   0          SH:  4    Dex: 10    Spells: 1/1 levels left

rFire   . . .      SeeInvis .    a - +0 war axe
rCold   . . .      Faith    .    c - +0 buckler
rNeg    . . .      Spirit   .    b - +0 scale mail
rPois   .          Reflect  .    (no helmet)
rElec   .          Harm     .    (no cloak)
rCorr   .          Rampage  .    (no gloves)
Will    .....      NoTele   +    (no boots) Stlth
                                 (no amulet)
HPRegen 0.27/turn                (no ring)
MPRegen 0.09/turn                (no ring)

@: mighty, berserking, lethally poisoned (0 -> -17), very quick
A: no striking features
a: Renounce Religion, Convert to Beogh


You were in the Dungeon.
You worshipped Elyvilon.
Elyvilon was noncommittal.
You visited 1 branch

Inventory:

Hand Weapons
 a - a +0 war axe (weapon)
Armour
 b - a +0 scale mail (worn)
 c - a +0 buckler (worn)
Scrolls
 j - a scroll of blinking
Potions
 g - a potion of haste
 h - 4 potions of magic
 i - 2 potions of berserk rage
 k - 2 potions of invisibility


   Skills:
 + Level 4.3 Fighting
 + Level 3.8 Axes
 + Level 4.0 Armour
 + Level 4.0 Shields
 * Level 3.1 Invocations


You had one spell level left.
You didn't know any spells.
Your spell library was empty.

Dungeon Overview and Level Annotations

Branches:
Dungeon (1/1)

Altars:
Ashenzari
Cheibriados
Dithmenos
Elyvilon
Fedhas
Gozag
Hepliaklqana
Kikubaaqudgha
Makhleb
Nemelex Xobeh
Okawaru
Qazlal
Ru
Sif Muna
Trog
Uskayaw
Vehumet
Wu Jian
Xom
Yredelemnul
Zin
The Shining One
Beogh
Jiyva
Lugonu


Message History

The jackal bites you but does no damage.
Something hits you but does no damage.
You are lethally poisoned!
You block the orc's attack.
You feel better. The jackal bites you. Something hits you but does no damage.
You are poisoned.
The orc hits you but does no damage. The jackal misses you.
A red film seems to cover your vision as you go berserk!
You feel yourself moving faster!
You feel mighty!
You feel sick.
The jackal bites you but does no damage.
Something hits you but does no damage.
You are more poisoned.
You block the orc's attack.
You closely miss something. You barely miss the jackal. You slash the orc!
You kill the orc!
You feel very sick. The jackal closely misses you.
Something hits you but does no damage.
You are more poisoned.
You block the jackal's attack.
Your Armour skill increases to level 4!
Your Shields skill increases to level 4!
Your Invocations skill increases to level 3!
You closely miss something. You barely miss the jackal.
You feel very sick.
The orc priest invokes the aid of Beogh against you.
Beogh smites you!
* * * LOW HITPOINT WARNING * * *
Something hits you but does no damage.
You are more poisoned.
The jackal barely misses you.
You closely miss the jackal. You closely miss something.
* * * LOW HITPOINT WARNING * * *
You feel very sick. The jackal barely misses you. You block something's attack.
You closely miss the jackal. You miss something.
* * * LOW HITPOINT WARNING * * *
You feel very sick. You block the jackal's attack.
You closely miss the jackal. You closely miss something.
You die...

#.?(.')))'.##......#..#
##########.##..........
#...........'..........
#+#####'#####......#..#
#.....# #..........
#.....# ####'#####+
###†### #.......#
#.....# #.......#
#..{@)# #.......#
####h## #...<...#


oo. #.......# ..... #.......# ####### #.......# ######### You could see an orc
priest, an orc and a jackal.

Vanquished Creatures
  2 orcs (D)
  A ball python (D)
  A bat skeleton (D)
  2 giant cockroaches (D)
  A hobgoblin (D)
  2 jackals (D)
  A bat (D)
  A frilled lizard (D)
11 creatures vanquished.

Notes
Turn   | Place    | Note
-------+----------+-------------------------------------------
     0 | D        | BigDaddyOpFi the Hill Orc Fighter began the quest for the
                  | Orb.
     0 | D        | Reached XP level 1. HP: 19/19 MP: 1/1
    16 | D        | Found a bloodstained altar of Trog.
    16 | D        | Found a shimmering blue altar of Sif Muna.
    16 | D        | Found a viscous altar of Jiyva.
    16 | D        | Found a hazy altar of Hepliaklqana.
    16 | D        | Found an opulent altar of Gozag.
    17 | D        | Found a glowing golden altar of the Shining One.
    17 | D        | Found a glowing silver altar of Zin.
    17 | D        | Found a basalt altar of Yredelemnul.
    17 | D        | Found a shimmering altar of Xom.
    17 | D        | Found an ornate altar of the Wu Jian Council.
    17 | D        | Found a sacrificial altar of Ru.
    17 | D        | Found a stormy altar of Qazlal.
    17 | D        | Found an iron altar of Okawaru.
    17 | D        | Found a sparkling altar of Nemelex Xobeh.
    17 | D        | Found a burning altar of Makhleb.
    17 | D        | Found a blossoming altar of Fedhas.
    17 | D        | Found a white marble altar of Elyvilon.
    17 | D        | Found a shadowy altar of Dithmenos.
    17 | D        | Found a snail-covered altar of Cheibriados.
    18 | D        | Found a radiant altar of Vehumet.
    18 | D        | Found a corrupted altar of Lugonu.
    18 | D        | Found a roughly hewn altar of Beogh.
    19 | D        | Found an ancient bone altar of Kikubaaqudgha.
    19 | D        | Found a hide-covered altar of Uskayaw.
    19 | D        | Found a broken altar of Ashenzari.
    24 | D        | Became a worshipper of Elyvilon the Healer
    51 | D        | Reached skill level 1 in Invocations
   113 | D        | Noticed an orc priest
   115 | D        | Reached XP level 2. HP: 23/27 MP: 3/3
   137 | D        | Succumbed to an orc wizard's poison

Illustrated notes

Levels and vault maps discovered:
D:        pitsprint [storerooms_1, entrance_room_1, metal_vault_4, armoury_1,
          mini_pit_1, grid_room_1, main_hall_1, silver_pit, the_coven_1,
          the_vestibule_1, steel_vault_1, golden_pit, hallway_of_sentries,
          crystal_vault_2, iron_vault_2, final_vault]

Skill      XL: |  1  2 |
---------------+-------+-----
Axes           | 3 |  3.8
Invocations    | 2 3 |  3.1
Fighting       | 4 |  4.3
Armour         | 4 |  4.0
Shields        | 4 |  4.0

Action                     || total
---------------------------++-------
  Melee: War axe           ||    28
    Use: Potion            ||     4
 Armour: Scale mail        ||    23
  Dodge: Dodged            ||    13
  Block: Buckler           ||    10

Table legend: (Time is in decaauts)
 A = Elapsed time spent in this place.
 B = Non-inter-level travel time spent in this place.
 C = Inter-level travel time spent in this place.
 D = Time resting spent in this place.
 E = Time spent auto-exploring this place.
 F = Levels seen in this place.
 G = Mean time per level.
                   A        B        C        D        E       F      G
               +--------+--------+--------+--------+--------+-----+--------+
         Total |    144 |    144 |      0 |     49 |      0 |   1 |  144.0 |
       Dungeon |    144 |    144 |      0 |     49 |      0 |   1 |  144.0 |
               +--------+--------+--------+--------+--------+-----+--------+

Top non-repeatable levels by time:
       D: 144 daAuts
